 Dungeon Crawl Stone Soup version 0.30.0 (webtiles) character file.

Game seed: 1047880100209980651

1309 BoredAtWork the Poker (level 8, -2/67 HPs)
             Began as a Gnoll Cinder Acolyte on Oct 12, 2023.
             Was a Follower of Ignis.
             Slain by a gnoll
             ... wielding a +0 whip
             ... led by a gnoll sergeant
              (5 damage)
             ... on level 7 of the Dungeon.
             The game lasted 00:19:39 (1199 turns).

BoredAtWork the Poker (Gnoll Cinder Acolyte)        Turns: 1199, Time: 00:19:40

Health: -2/67      AC:  3    Str: 16    XL:     8   Next: 58%
Magic:  14/14      EV: 12    Int: 14    God:    Ignis [*.....]
Gold:   204        SH:  0    Dex:  7    Spells: 16/16 levels left

rFire   + . .        d - +3 hand axe (flame)
rCold   . . .        (no shield)
rNeg    . . .        b - +1 robe
rPois   +            (no helmet)
rElec   .            (no cloak)
rCorr   .            (no gloves)
SInv    .            (no boots)
Will    .....        e - amulet of regeneration
Stlth   ++           c - ring of poison resistance
HPRegen 1.11/turn    (no ring)
MPRegen 0.14/turn

%: no passive effects
@: mighty
A: fangs 1, strong nose, distributed training
a: Renounce Religion, Fiery Armour, Foxfire Swarm


You were on level 7 of the Dungeon.
You worshipped Ignis.
Ignis was aware of your devotion.
You visited 2 branches of the dungeon, and saw 8 of its levels.

You collected 204 gold pieces.

Inventory:

Hand Weapons
 a - a -1 spear of flaming
 d - a +3 hand axe of flaming (weapon)
 f - a +0 triple sword
 g - a +2 flail of holy wrath
 k - a +0 short sword of draining
Armour
 b - a +1 robe (worn)
Jewellery
 c - a ring of poison resistance (left hand)
 e - an amulet of regeneration (around neck)
 h - a ring of protection from cold
 i - an amulet of reflection
 j - an amulet of faith


   Skills:
 + Level 7.5 Fighting
 + Level 3.5 Short Blades
 + Level 3.5 Long Blades
 + Level 3.5 Axes
 + Level 3.5 Maces & Flails
 + Level 7.5 Polearms
 + Level 3.5 Staves
 + Level 3.5 Ranged Weapons
 + Level 3.5 Throwing
 + Level 3.5 Armour
 + Level 3.5 Dodging
 + Level 3.5 Stealth
 + Level 3.5 Shields
 + Level 3.5 Unarmed Combat
 + Level 4.5 Spellcasting
 + Level 2.9 Conjurations
 + Level 2.9 Hexes
 + Level 2.9 Summonings
 + Level 2.9 Necromancy
 + Level 2.9 Translocations
 + Level 2.9 Transmutations
 + Level 6.2 Fire Magic
 + Level 2.9 Ice Magic
 + Level 2.9 Air Magic
 + Level 2.9 Earth Magic
 + Level 2.9 Poison Magic
 + Level 3.9 Invocations
 + Level 3.5 Evocations


You had 16 spell levels left.
You didn't know any spells.
Your spell library contained the following spells:

 Spells                   Type           Power      Damage    Failure   Level
 Scorch                   Fire           40%        2d7       2%          2
 Apportation              Tloc           22%        N/A       5%          1
 Slow                     Hex            44%        N/A       5%          1
 Confusing Touch          Hex            11%        N/A       17%         3
 Vampiric Draining        Necr           11%        2d6       17%         3
 Alistair's Intoxication  Tmut/Pois      7%         N/A       83%         5


Dungeon Overview and Level Annotations

Branches:
Dungeon (7/15)             Temple (1/1) D:4

Altars:
Ashenzari
Cheibriados
Fedhas
Nemelex Xobeh
Qazlal
Vehumet
Xom
Zin

Shops:
D:1 *

Annotations:
D:6 Sigmund


Innate Abilities, Weirdness & Mutations

You have very sharp teeth.
Your uncanny sense of smell can sniff out nearby items.
Your experience applies equally to all skills.


Message History

The gnoll hits you with a +1 whip of flaming.
* * * LOW HITPOINT WARNING * * *
The gnoll burns you.
* * * LOW HITPOINT WARNING * * *
There is a large open door, spattered with blood here.
You slash the gnoll! You burn the gnoll. Your bite misses the gnoll.
The gnoll is almost dead.
You slash the gnoll! You burn the gnoll.
You hit the gnoll sergeant but do no damage.
The gnoll sergeant closely misses you. The gnoll barely misses you.
The gnoll closely misses you.
You slash the gnoll! You burn the gnoll.
You kill the gnoll!
You hit the gnoll sergeant but do no damage.
You closely miss the gnoll.
The gnoll sergeant hits you with a +0 spear.
* * * LOW HITPOINT WARNING * * *
The gnoll closely misses you. The gnoll sergeant blocks your attack.
The gnoll sergeant is moderately wounded.
You barely miss the gnoll. The gnoll sergeant barely misses you.
The gnoll misses you.
You slash the gnoll sergeant! You burn the gnoll sergeant.
The gnoll sergeant is heavily wounded.
You closely miss the gnoll. You slash the gnoll! You burn the gnoll.
The gnoll closely misses you. The gnoll sergeant barely misses you.
The gnoll hits you with a +1 whip of flaming.
* * * LOW HITPOINT WARNING * * *
The gnoll burns you.
* * * LOW HITPOINT WARNING * * *
You slash the gnoll sergeant! You burn the gnoll sergeant.
You bite the gnoll sergeant.
You kill the gnoll sergeant!
You barely miss the gnoll. x2
The gnoll hits you with a +1 whip of flaming!
* * * LOW HITPOINT WARNING * * *
The gnoll burns you.
* * * LOW HITPOINT WARNING * * *
The gnoll hits you with a +0 whip.
You die...

#...........##.
#.............
#...........#
##..........#
............#
./..........#
.....>.†....#
.......†).###
.......@#####
..(....gg.^.###
.......#....'.## ..
...#####....#..###....
... #....'......... ..
#....##.#########
#....##.......#..
#.########......# #.#
#.##...#


You could see 2 gnolls.

Vanquished Creatures
  Grinder (D:5)
  The ghost of PiratePeteNZ the Trooper, an amateur DrFi (D:4)
  Menkaure (D:5)
  An ogre (D:6)
  A gnoll sergeant (D:7)
  2 kobold brigands
  2 bullfrogs
  A howler monkey (D:7)
  3 hounds
  A gnoll bouda (D:6)
  An orc wizard (D:6)
  A sleepcap (D:5)
  4 iguanas
  5 gnolls
  An adder (D:2)
  A shadow imp (D:7)
  A white imp (D:6)
  An ufetubus (D:5)
  A worm (D:4)
  A dart slug (D:3)
  12 orcs
  2 bats
  3 giant cockroaches
  A goblin (D:1)
  2 jackals (D:5)
  2 quokkas
  2 ball pythons
  2 frilled lizards
  10 kobolds
  2 rats
69 creatures vanquished.

Vanquished Creatures (collateral kills)
  An orc priest (D:5)
  An orc wizard (D:5)
  An orc (D:5)
3 creatures vanquished.

Vanquished Creatures (others)
  46 foxfires
46 creatures vanquished.

Grand Total: 118 creatures vanquished

Notes
Turn   | Place    | Note
-------+----------+-------------------------------------------
     0 | D:1      | BoredAtWork the Gnoll Cinder Acolyte began the quest for
                  | the Orb.
     0 | D:1      | Reached XP level 1. HP: 23/23 MP: 4/4
    21 | D:1      | Found Axkuots's General Store.
   198 | D:2      | Reached XP level 2. HP: 25/29 MP: 5/5
   348 | D:3      | Reached XP level 3. HP: 35/35 MP: 7/7
   485 | D:4      | Found a shimmering altar of Xom.
   541 | D:4      | Found a runed translucent door.
   541 | D:4      | Noticed PiratePeteNZ's ghost (amateur DrFi)
   552 | D:4      | Reached skill level 1 in Short Blades
   552 | D:4      | Reached skill level 1 in Long Blades
   552 | D:4      | Reached skill level 1 in Axes
   552 | D:4      | Reached skill level 1 in Maces & Flails
   552 | D:4      | Reached skill level 1 in Staves
   552 | D:4      | Reached skill level 1 in Ranged Weapons
   552 | D:4      | Reached skill level 1 in Throwing
   552 | D:4      | Reached skill level 1 in Armour
   552 | D:4      | Reached skill level 1 in Dodging
   552 | D:4      | Reached skill level 1 in Stealth
   552 | D:4      | Reached skill level 1 in Shields
   552 | D:4      | Reached skill level 1 in Unarmed Combat
   552 | D:4      | Reached skill level 1 in Invocations
   552 | D:4      | Reached skill level 1 in Evocations
   552 | D:4      | Reached XP level 4. HP: 35/41 MP: 8/8
   563 | D:4      | Found a staircase to the Ecumenical Temple.
   569 | Temple   | Entered the Ecumenical Temple
   613 | D:4      | Killed PiratePeteNZ's ghost
   614 | D:4      | Reached skill level 1 in Conjurations
   614 | D:4      | Reached skill level 1 in Hexes
   614 | D:4      | Reached skill level 1 in Summonings
   614 | D:4      | Reached skill level 1 in Necromancy
   614 | D:4      | Reached skill level 1 in Translocations
   614 | D:4      | Reached skill level 1 in Transmutations
   614 | D:4      | Reached skill level 1 in Ice Magic
   614 | D:4      | Reached skill level 1 in Air Magic
   614 | D:4      | Reached skill level 1 in Earth Magic
   614 | D:4      | Reached skill level 1 in Poison Magic
   614 | D:4      | Reached XP level 5. HP: 35/47 MP: 9/9
   670 | D:5      | Entered Level 5 of the Dungeon
   679 | D:5      | Noticed Grinder
   696 | D:4      | Found a stormy altar of Qazlal.
   697 | D:4      | Reached XP level 6. HP: 23/53 MP: 11/11
   762 | D:5      | Killed Grinder
   763 | D:5      | Reached XP level 7. HP: 55/60 MP: 12/12
   861 | D:5      | Noticed Menkaure
   871 | D:5      | Killed Menkaure
   875 | D:5      | Found a snail-covered altar of Cheibriados.
   956 | D:6      | Reached XP level 8. HP: 17/67 MP: 14/14
   962 | D:6      | Noticed Sigmund
  1199 | D:7      | HP: 3/67 [gnoll/+1 whip of flaming[a gnoll sergeant] (2)]
  1199 | D:7      | Slain by a gnoll

Illustrated notes

Levels and vault maps discovered:
D:1:      amcnicky_arrival_double_pillar, layout_basic,
          ebering_ecumenical_altar_rust, serial_shops,
          nicolae_shop_tiny_statue_garden
D:2:      layout_loops_ring, minmay_pentomino_s2, uniq_natasha
D:3:      layout_basic, minmay_joined_circles, uniq_crazy_yiuf_cottage
D:4:      layout_loops_cross, lemuel_crystal_altar,
          nicolae_qazlal_general_emergency, mainiacjoe_overflow_six_doors_small,
          minmay_temple_entry_waves, gammafunk_ghost_grave, st_stairs_13
D:5:      layout_rooms, mainiacjoe_overflow_catwalk, kennysheep_flooded_box,
          uniq_menkaure, uniq_grinder
D:6:      layout_basic, mainiacjoe_overflow_cross_hatched,
          mainiacjoe_overflow_alcove_2,
          nicolae_gozag_cash_rules_everything_around_me,
          kennysheep_generic_room_14, uniq_sigmund
D:7:      layout_basic, nicolae_dithmenos_shadow_blocks, serial_shops, shop,
          nicolae_shop_window_shopping, dreamdust_gnoll_shepherd
Temple:   nicolae_temple_bog_church

Skill      XL: |  1  2  3  4  5  6  7 |
---------------+----------------------+-----
Short Blades   | 1 2 3 |  3.5
Long Blades    | 1 2 3 |  3.5
Axes           | 1 2 3 |  3.5
Maces & Flails | 1 2 3 |  3.5
Staves         | 1 2 3 |  3.5
Ranged Weapons | 1 2 3 |  3.5
Throwing       | 1 2 3 |  3.5
Armour         | 1 2 3 |  3.5
Dodging        | 1 2 3 |  3.5
Stealth        | 1 2 3 |  3.5
Shields        | 1 2 3 |  3.5
Unarmed Combat | 1 2 3 |  3.5
Spellcasting   | 3 4 |  4.5
Invocations    | 1 2 3 |  3.9
Evocations     | 1 2 3 |  3.5
Conjurations   | 1 2 |  2.9
Hexes          | 1 2 |  2.9
Summonings     | 1 2 |  2.9
Necromancy     | 1 2 |  2.9
Translocations | 1 2 |  2.9
Transmutations | 1 2 |  2.9
Ice Magic      | 1 2 |  2.9
Air Magic      | 1 2 |  2.9
Earth Magic    | 1 2 |  2.9
Poison Magic   | 1 2 |  2.9
Fighting       | 7 |  7.5
Polearms       | 7 |  7.5
Fire Magic     | 6 |  6.2

Action                     |  1- 3 |  4- 6 |  7- 9 || total
---------------------------+-------+-------+-------++-------
  Melee: Hand axe          |    34 |    37 |    77 ||   148
         Spear             |     2 |       |       ||     2
         Bite              |     2 |     3 |    10 ||    15
         Punch             |     1 |     1 |     1 ||     3
 Invoke: Fiery Armour      |     4 |     1 |     2 ||     7
         Foxfire Swarm     |       |     1 |     2 ||     3
         Rising Flame      |       |     1 |       ||     1
    Use: Scroll            |     4 |     1 |     3 ||     8
         Potion            |     3 |       |     4 ||     7
   Stab: Sleeping          |     1 |       |     2 ||     3
 Armour: Robe              |    17 |     8 |    34 ||    59
  Dodge: Dodged            |    25 |    22 |    74 ||   121
